 Dungeon Crawl Stone Soup version 0.30-a0-778-g2ef04afb54 (webtiles) character file.

Game seed: 10459254821192814103

13908 Mudhenn the Carver (level 11, -1/117 HPs)
             Began as a Troll Gladiator on Feb 16, 2023.
             Was a Believer of Uskayaw.
             Succumbed to a cane toad's poison
             ... on level 2 of the Lair of Beasts.
             The game lasted 01:37:13 (11972 turns).

Mudhenn the Carver (Troll Gladiator)               Turns: 11972, Time: 01:37:13

Health: -1/117     AC: 10    Str: 34    XL:     11   Next: 81%
Magic:  10/10      EV:  9    Int:  4    God:    Uskayaw [**....]
Gold:   522        SH: 18    Dex: 11    Spells: 9/10 levels left

rFire   . . .      SeeInvis .    h - +7 Throatcutter {drain, coup de grace}
rCold   . . .      Faith    .    l - +0 tower shield
rNeg    . . .      Spirit   .    V - +2 robe {Will+}
rPois   .          Reflect  +    c - +2 hat
rElec   .          Harm     .    u - +1 cloak
rCorr   .          Rampage  .    (gloves unavailable)
Will    +....                    (boots unavailable)
Stlth   ++                       i - amulet of reflection
HPRegen 1.19/turn                g - ring of wizardry
MPRegen 0.12/turn                w - +6 ring of strength

@: mighty, lethally poisoned (-1 -> -15), slowed, very slow
A: large, unfitting armour, claws 3, regeneration 1, shaggy fur 1, tough skin 1,
horns 1, robust 1
a: Renounce Religion, Stomp, Line Pass


You were on level 2 of the Lair of Beasts.
You worshipped Uskayaw.
Uskayaw was noncommittal.
You visited 3 branches of the dungeon, and saw 14 of its levels.

You collected 829 gold pieces.
You spent 307 gold pieces at shops.

Inventory:

Hand Weapons
 h - the +7 Throatcutter (weapon) {drain, coup de grace}
   (You took it off Terence on level 3 of the Dungeon)
 s - a +2 whip of electrocution
 x - a +3 long sword
 A - a +6 mace
 D - a +0 giant spiked club
 I - a +3 scimitar
 J - a +4 long sword
 T - a +3 short sword of draining
Missiles
 n - 12 stones (quivered)
 p - a large rock
 P - 2 curare-tipped darts
 S - 3 boomerangs
 U - an atropa-tipped dart
Armour
 c - a +2 hat (worn)
 l - a +0 tower shield (worn)
 r - an orb of energy
 u - a +1 cloak (worn)
 V - a +2 robe of willpower (worn)
Jewellery
 d - a ring of willpower
 g - a ring of wizardry (left claw)
 i - an amulet of reflection (around neck)
 j - a ring of protection from fire
 w - a +6 ring of strength (right claw)
 W - an amulet of magic regeneration
Wands
 e - a wand of roots (15)
 v - a wand of flame (17)
 Q - a wand of mindburst (21)
 Y - a wand of polymorph (3)
Scrolls
 a - 2 scrolls of poison
 b - a scroll of identify
 f - 6 scrolls of teleportation
 y - a scroll of blinking
 B - a scroll of immolation
 C - a scroll of fear
 F - 2 scrolls of noise
 G - a scroll of fog
 O - 2 scrolls of enchant weapon
 Z - 2 scrolls of magic mapping
Potions
 k - a potion of resistance {unknown}
 m - 4 potions of curing
 o - a potion of berserk rage
 q - 2 potions of flight
 z - 3 potions of heal wounds
 E - a potion of attraction {unknown}
 H - a potion of brilliance
 K - a potion of haste {unknown}
 L - a potion of might
 M - a potion of cancellation {unknown}
 N - 3 potions of lignification
 R - 2 potions of mutation
Miscellaneous
 t - a box of beasts


   Skills:
 + Level 6.8 Fighting
 + Level 9.1 Long Blades
 + Level 4.6 Maces & Flails
 + Level 4.9 Throwing
 + Level 7.0 Dodging
 + Level 3.8 Stealth
 + Level 6.4 Shields


You had 9 spell levels left.
You knew the following spells:

 Your Spells              Type           Power      Damage    Failure   Level
a - Kiss of Death         Conj/Necr      0%         2d5       75%         1

Your spell library contained the following spells:

 Spells                   Type           Power      Damage    Failure   Level
 Cigotuvi's Dreadful Rot  Necr/Pois/Air  0%         N/A       86%         2
 Confusing Touch          Hex            0%         N/A       97%         3
 Frozen Ramparts          Ice            0%         1d1       97%         3
 Ignite Poison            Fire/Tmut/Pois 0%         N/A       97%         3
 Dispel Undead            Necr           0%         3d6       100%        4
 Ice Form                 Ice/Tmut       0%         N/A       100%        4
 Sticky Flame             Conj/Fire      0%         2d3       100%        4
 Summon Ice Beast         Ice/Summ       0%         N/A       100%        4
 Death Channel            Necr           0%         N/A       100%        6
 Ignition                 Fire           0%         3d3       100%        8


Dungeon Overview and Level Annotations

Branches:
Dungeon (11/15)            Temple (1/1) D:4            Lair (2/5) D:11
  Swamp: Lair:2-3    Shoals: Lair:2-3     Snake: Lair:2-3    Spider: Lair:2-3
    Orc: D:9-12

Altars:
Ashenzari
Cheibriados
Fedhas
Gozag
Hepliaklqana
Kikubaaqudgha
Makhleb
Nemelex Xobeh
Okawaru
Qazlal
Ru
Sif Muna
Trog
Uskayaw
Wu Jian
Xom
Yredelemnul
Zin
The Shining One

Shops:
D:1 [   D:6 !   D:8 *   D:9 [

Annotations:
Lair:2 1 transporter, BRD's ghost, journeyman GnWn


Innate Abilities, Weirdness & Mutations

You are too large for most types of armour.
You have claws for hands.
Your natural rate of healing is unusually fast.
You are covered in fur. (AC +1)
You have tough skin. (AC +1)
You have a pair of small horns on your head.
You are robust. (+10% HP)


Message History

You block the cane toad's attack.
You hear an angry hiss.
The cane toad stings you.
You barely miss the cane toad. You headbutt the cane toad.
The cane toad is lightly wounded.
You hear an angry hiss. x2
You block the cane toad's attack. x2
You slash the cane toad! You drain the cane toad.
The cane toad is heavily wounded.
The cane toad stings you!
* * * LOW HITPOINT WARNING * * *
You are poisoned.
The cane toad poisons you!
The cane toad stings you but does no damage.
You feel better. You block the cane toad's attack.
The cane toad closely misses you. The cane toad stings you!
* * * LOW HITPOINT WARNING * * *
You closely miss the cane toad. You headbutt the cane toad.
The cane toad is heavily wounded.
You block the cane toad's attack. The cane toad barely misses you.
You block the cane toad's attack. The cane toad stings you!
* * * LOW HITPOINT WARNING * * *
You are poisoned.
The cane toad poisons you!
Aiming: Mindburst
Press: ? - help, Q - select action, (/) - cycle Shift-Dir - straight line, f - cane toad
Aim: a cane toad (chance to affect: 64%)
The cane toad's mind is blasted!
You feel very sick.
You block the cane toad's attack. x3; The cane toad stings you!
* * * LOW HITPOINT WARNING * * *
You are lethally poisoned!
The cane toad poisons you!
You can now pass through a line of other dancers.
Aiming: Fastroot
Press: ? - help, Q - select action, (/) - cycle Shift-Dir - straight line, p - cane toad The roots erupt in riotous growth!
Roots grab the cane toad.
The grasping roots constrict the cane toad.
You die...

........
#......#
##......#
#...>...#
##......##
#........#
##..FF..#
#....@..###
##........#
#......P##
#....P.##
#P#.P###
######


You could see 2 cane toads.

Vanquished Creatures
  A two-headed ogre (D:10)
  A centaur warrior (D:10)
  A boulder beetle (D:11)
  Urug (Lair:1)
  Pikel (D:8)
  2 black mambas (Lair:1)
  A gargoyle (D:10)
  3 cane toads (Lair:1)
  3 komodo dragons
  A polar bear (Lair:2)
  Prince Ribbit (D:8)
  Grinder (D:3)
  A vampire (D:10)
  24 yaks
  A basilisk (Lair:1)
  The ghost of Touch the Shooter, an amateur DsHu (D:3)
  6 water moccasins
  2 orc warriors
  An ice beast (D:7)
  2 sky beasts (D:6)
  A black bear (D:8)
  4 centaurs
  A phantom (D:4)
  2 kobold brigands
  4 bullfrogs
  A gnoll sergeant (D:9)
  4 scorpions
  19 wights
  A howler monkey (D:7)
  6 hounds (D:6)
  A jelly (D:4)
  2 orc priests (D:11)
  Crazy Yiuf (D:3)
  Ijyb (D:3)
  6 iguanas
  5 orc wizards
  Terence (D:3)
  Robin (D:3)
  8 gnolls
  A river rat (D:3)
  7 adders
  A shadow imp (D:8)
  A white imp (D:6)
  An ufetubus (D:6)
  4 worms
  5 dart slugs
  26 orcs
  9 endoplasms
  6 giant cockroaches
  6 hobgoblins
  6 quokkas
  6 ball pythons
  6 bats
  6 frilled lizards
  11 goblins
  14 kobolds
  4 rats
244 creatures vanquished.

Vanquished Creatures (others)
  6 fungi (Lair:1)
  6 plants
12 creatures vanquished.

Grand Total: 256 creatures vanquished

Notes
Turn   | Place    | Note
-------+----------+-------------------------------------------
     0 | D:1      | Mudhenn the Troll Gladiator began the quest for the Orb.
     0 | D:1      | Reached XP level 1. HP: 19/19 MP: 0/0
   231 | D:1      | Found Iseocs's Armour Emporium.
   281 | D:1      | Reached XP level 2. HP: 28/28 MP: 1/1
   716 | D:2      | Reached XP level 3. HP: 29/35 MP: 2/2
   811 | D:2      | Reached XP level 4. HP: 42/42 MP: 3/3
  1266 | D:2      | Found a faded altar of an unknown god.
  1328 | D:2      | Prayed at the altar of an unknown god.
  1328 | D:2      | Became a worshipper of Uskayaw the Reveller
  1328 | D:2      | Reached * piety under Uskayaw
  1954 | D:3      | Found a runed translucent door.
  1957 | D:3      | Noticed Touch's ghost (amateur DsHu)
  2009 | D:3      | Noticed Ijyb
  2016 | D:3      | Killed Ijyb
  2016 | D:3      | Reached ** piety under Uskayaw
  2123 | D:3      | Gained mutation: You are robust. (+10% HP) [potion of
                  | mutation]
  2123 | D:3      | Gained mutation: You have a pair of small horns on your
                  | head. [potion of mutation]
  2365 | D:3      | Noticed Terence
  2372 | D:3      | Killed Terence
  2373 | D:3      | Reached XP level 5. HP: 32/51 MP: 4/4
  2819 | D:3      | Noticed Grinder
  2821 | D:3      | Paralysed by Grinder for 5 turns
  2832 | D:3      | Killed Grinder
  2833 | D:3      | Reached skill level 1 in Long Blades
  2833 | D:3      | Reached skill level 1 in Shields
  2833 | D:3      | Reached XP level 6. HP: 53/64 MP: 5/5
  2833 | D:3      | Reached *** piety under Uskayaw
  2854 | D:3      | Found a bloodstained altar of Trog.
  3114 | D:3      | Found a runed translucent door.
  3115 | D:3      | Noticed Crazy Yiuf
  3117 | D:3      | Noticed Robin
  3147 | D:3      | Killed Crazy Yiuf
  3150 | D:3      | Killed Robin
  3150 | D:3      | Reached **** piety under Uskayaw
  3270 | D:3      | Killed Touch's ghost
  3271 | D:3      | Reached skill level 2 in Long Blades
  3271 | D:3      | Reached XP level 7. HP: 60/72 MP: 6/6
  3388 | D:4      | Found a staircase to the Ecumenical Temple.
  3400 | Temple   | Entered the Ecumenical Temple
  3940 | D:4      | Reached skill level 3 in Long Blades
  4136 | D:5      | Entered Level 5 of the Dungeon
  4145 | D:5      | Found a broken altar of Ashenzari.
  4204 | D:5      | Found an ornate altar of the Wu Jian Council.
  4718 | D:5      | Found a glowing golden altar of the Shining One.
  4777 | D:5      | Found an iron altar of Okawaru.
  4793 | D:6      | Reached skill level 1 in Stealth
  4828 | D:6      | Reached XP level 8. HP: 82/82 MP: 7/7
  4847 | D:6      | Reached skill level 4 in Long Blades
  5319 | D:6      | Found Dokekys's Distillery.
  5321 | D:6      | Found a shimmering altar of Xom.
  5331 | D:6      | Bought a potion of heal wounds for 60 gold pieces
  5331 | D:6      | Bought 2 potions of curing for 72 gold pieces
  5504 | D:6      | Reached skill level 5 in Long Blades
  5857 | D:6      | Reached XP level 9. HP: 71/93 MP: 8/8
  5868 | D:6      | Reached ***** piety under Uskayaw
  6073 | D:6      | Reached skill level 5 in Dodging
  6496 | D:7      | Found a basalt altar of Yredelemnul.
  6519 | D:7      | Reached skill level 6 in Long Blades
  6788 | D:7      | Found a sparkling altar of Nemelex Xobeh.
  6819 | D:7      | Reached skill level 5 in Fighting
  7617 | D:8      | Found an opulent altar of Gozag.
  7618 | D:8      | Found Gozag's Platinum Reserve.
  7913 | D:8      | Noticed Prince Ribbit
  7967 | D:8      | Killed Prince Ribbit
  7968 | D:8      | Reached XP level 10. HP: 89/105 MP: 9/9
  8124 | D:8      | Noticed Pikel
  8134 | D:8      | Killed Pikel
  8135 | D:8      | Reached skill level 7 in Long Blades
  8532 | D:9      | Found Pitirph's Antique Armour Shop.
  8543 | D:9      | Bought a tower shield for 175 gold pieces
  9339 | D:10     | Entered Level 10 of the Dungeon
  9352 | D:10     | Noticed a centaur warrior
  9360 | D:10     | Killed a centaur warrior
  9380 | D:10     | Found a sacrificial altar of Ru.
  9407 | D:10     | Noticed a gargoyle
  9414 | D:10     | Killed a gargoyle
  9459 | D:10     | Found a hide-covered altar of Uskayaw.
  9923 | D:10     | Noticed a two-headed ogre
  9932 | D:10     | Killed a two-headed ogre
 10237 | D:11     | Noticed a boulder beetle
 10281 | D:11     | Killed a boulder beetle
 10282 | D:11     | Reached skill level 8 in Long Blades
 10282 | D:11     | Reached XP level 11. HP: 102/115 MP: 10/10
 10413 | D:11     | Found a staircase to the Lair.
 10419 | Lair:1   | Entered Level 1 of the Lair of Beasts
 10424 | Lair:1   | Reached skill level 5 in Shields
 10949 | Lair:1   | Noticed Urug
 10966 | Lair:1   | Killed Urug
 11046 | Lair:1   | Learned a level 1 spell: Kiss of Death
 11774 | Lair:2   | Found a transporter.
 11815 | Lair:2   | Found a transporter.
 11819 | Lair:2   | Noticed BRD's ghost (journeyman GnWn)
 11827 | Lair:2   | Reached skill level 9 in Long Blades
 11972 | Lair:2   | Succumbed to a cane toad's poison

Illustrated notes

Levels and vault maps discovered:
D:1:      dpeg_arrival_solitude, layout_basic, serial_shops,
          nicolae_shop_hallway_stairs, serial_park_tiny_1,
          minmay_misc_feat_four_crosses
D:2:      layout_basic, ebering_ecumenical_altar_webs, feat_on_display
D:3:      layout_basic, mainiacjoe_overflow_chevrons, ebering_ghost_sewer_d,
          gup_sewer_entry_bowl, uniq_crazy_yiuf_cottage, uniq_robin,
          uniq_grinder, uniq_ijyb, uniq_terence
D:4:      minmay_skewed_foursquare, layout_rooms, minmay_temple_entry_poolview
D:5:      layout_basic, amcnicky_altar_gilded, mainiacjoe_overflow_alcove_2,
          mainiacjoe_overflow_big_doors, general_overflow_altar,
          nicolae_ashenzari_panopticon, nicolae_dithmenos_the_darkroom
D:6:      layout_gridville, mainiacjoe_overflow_brackets, serial_shops, shop,
          grunt_ministairs_6, kennysheep_generic_room_11
D:7:      layout_loops_ring, yredelemnul_altar_generic,
          nemelex_diamond_rough_becter, chequers_serial_rivers_large_b
D:8:      layout_basic, nicolae_gozag_zags_fifth_avenue, uniq_prince_ribbit1,
          uniq_pikel
D:9:      layout_irregular_city, serial_shops, nicolae_diamond_shop
D:10:     layout_roguey, mainiacjoe_overflow_boulevard,
          mainiacjoe_overflow_24_doors
D:11:     layout_stronghold, lair_entry_dummy, erik_orc_1
Temple:   nicolae_temple_colour_theory
Lair:1:   layout_long_grid, minmay_stone_trees_medium, uniq_urug
Lair:2:   layout_big_grid, gammafunk_ghost_berserking_beasts, minmay_holes,
          uniq_nergalle

Skill      XL: |  1  2  3  4  5  6  7  8  9 10 11 |
---------------+----------------------------------+-----
Maces & Flails | 3 4 |  4.6
Dodging        | 3 4 5 6 7 |  7.0
Fighting       | 2 3 4 5 6 |  6.8
Throwing       | 2 3 4 |  4.9
Long Blades    | 1 2 3 5 6 8 9 |  9.1
Shields        | 1 2 3 4 6 |  6.4
Stealth        | 1 2 3 |  3.8

Action                     |  1- 3 |  4- 6 |  7- 9 | 10-12 || total
---------------------------+-------+-------+-------+-------++-------
  Melee: Flail             |    68 |    59 |       |       ||   127
         Punch             |     1 |       |     3 |       ||     4
         Long sword        |       |    55 |   232 |   224 ||   511
         Headbutt          |       |     4 |    39 |    32 ||    75
  Throw: Large rock        |     3 |     7 |       |     8 ||    18
         Throwing net      |     2 |     3 |       |     1 ||     6
         Stone             |       |    21 |    22 |    37 ||    80
         Dart              |       |       |       |    20 ||    20
 Invoke: Stomp             |       |       |     1 |       ||     1
  Evoke: Wand              |       |       |     1 |     3 ||     4
    Use: Scroll            |     5 |     6 |     9 |     8 ||    28
         Potion            |       |     3 |     2 |     5 ||    10
   Stab: Sleeping          |     1 |       |     3 |     1 ||     5
         Paralysed         |       |     1 |     6 |     8 ||    15
 Armour: Robe              |    43 |    66 |    95 |    59 ||   263
  Dodge: Dodged            |    45 |    70 |   142 |    67 ||   324
  Block: Other             |       |    31 |    70 |     4 ||   105
         Reflection        |       |       |     5 |     8 ||    13
         Tower shield      |       |       |       |   228 ||   228

Table legend: (Time is in decaauts)
 A = Elapsed time spent in this place.
 B = Non-inter-level travel time spent in this place.
 C = Inter-level travel time spent in this place.
 D = Time resting spent in this place.
 E = Time spent auto-exploring this place.
 F = Levels seen in this place.
 G = Mean time per level.
                   A        B        C        D        E       F      G
               +--------+--------+--------+--------+--------+-----+--------+
         Total |  12144 |  11787 |    357 |    974 |   2468 |  14 |  867.4 |
       Dungeon |  10383 |  10026 |    357 |    812 |   2242 |  11 |  943.9 |
        Temple |    171 |    171 |      0 |      0 |      0 |   1 |  171.0 |
          Lair |   1588 |   1588 |      0 |    162 |    226 |   2 |  794.0 |
               +--------+--------+--------+--------+--------+-----+--------+

Top non-repeatable levels by time:
     D:6: 1659 daAuts
     D:2: 1424 daAuts
     D:3: 1294 daAuts
  Lair:1: 1261 daAuts
     D:9: 1023 daAuts
     D:7: 973 daAuts
     D:8: 926 daAuts
    D:10: 878 daAuts
     D:1: 700 daAuts
     D:5: 658 daAuts
     D:4: 614 daAuts
  Lair:2: 327 daAuts
    D:11: 230 daAuts
  Temple: 171 daAuts
